 Dungeon Crawl Stone Soup version 0.25-a0-340-ga1faa1601d (webtiles) character file.

Game seed: 9578805821470904143, levelgen mode: classic

3327 Borgoz the Carver (level 10, -2/64 HPs)
             Began as a Gargoyle Fighter on Dec 29, 2019.
             Was an Initiate of Ashenzari.
             Killed from afar by Dowan (7 damage)
             ... with a shard of ice
             ... on level 7 of the Dungeon.
             The game lasted 00:11:35 (5495 turns).

Borgoz the Carver (Gargoyle Fighter)                Turns: 5495, Time: 00:11:36

Health: -2/64      AC: 19    Str: 23    XL:     10   Next: 2%
Magic:  0/10       EV: 11    Int:  8    God:    Ashenzari [......]
Gold:   394        SH:  9    Dex: 10    Spells: 7/9 levels left

rFire    + . .     SeeInvis .   a - +1 long sword
rCold    + . .     Gourm    .   c - +0 shield
rNeg     + + .     Faith    .   b - +0 scale mail
rPois    ∞         Spirit   +   (no helmet)
rElec    +         Reflect  .   h - +0 cloak
rCorr    +         Harm     .   m - +1 pair of gloves {archery}
MR       .....                  (no boots)
Stlth    ..........             k - amulet of guardian spirit
HPRegen  0.20/turn              g - +4 ring of evasion
MPRegen  0.12/turn              e - ring of positive energy

@: resistant, flying, very slightly contaminated, invisible (expiring)
A: negative energy resistance 1, electricity resistance, unbreathing,
petrification resistance, rot immunity, AC +7
a: Curse Item, Renounce Religion


You were on level 7 of the Dungeon.
You worshipped Ashenzari.
Ashenzari was noncommittal.
You were not hungry.

You visited 2 branches of the dungeon, and saw 8 of its levels.
You also visited: Sewer.

You collected 394 gold pieces.

Inventory:

Hand Weapons
 a - a +1 long sword (weapon)
Armour
 b - a +0 scale mail (worn)
 c - a +0 shield (worn)
 h - a +0 cloak (worn)
 m - a +1 pair of gloves of archery (worn)
Jewellery
 e - a ring of positive energy (right hand)
 g - a +4 ring of evasion (left hand)
 k - an amulet of guardian spirit (around neck)
Wands
 l - a wand of polymorph (10)
 x - a wand of enslavement (8)
Scrolls
 d - a scroll of magic mapping
 i - 3 scrolls of remove curse
 u - 3 scrolls of fear
 v - a scroll of fog {unknown}
 y - a scroll of enchant weapon
Potions
 n - 3 potions of mutation
 o - 3 potions of brilliance
 p - 3 potions of flight
Comestibles
 f - 11 rations
 z - 4 chunks of flesh


   Skills:
 + Level 8.3 Fighting
 * Level 9.2 Long Blades
 + Level 8.2 Armour
 - Level 3.2 Shields


You had 7 spell levels left.
You knew the following spells:

 Your Spells              Type           Power        Failure   Level  Hunger
a - Blink                 Tloc           N/A          100%        2    ###....

Your spell library contained the following spells:

 Spells                   Type           Power        Failure   Level  Hunger
 Magic Dart               Conj           #...         99%         1    ##.....
 Call Imp                 Summ           #.......     100%        2    ###....
 Slow                     Hex            #.......     100%        2    ###....
 Conjure Flame            Conj/Fire      #.......     100%        3    ####...
 Mephitic Cloud           Conj/Pois/Air  #.......     100%        3    ####...


Dungeon Overview and Level Annotations

Branches:
Dungeon (7/15)             Temple (1/1) D:6           Sewer (visited)

Altars:
Ashenzari
Cheibriados
Elyvilon
Gozag
Hepliaklqana
Kikubaaqudgha
Makhleb
Nemelex Xobeh
Okawaru
Qazlal
Sif Muna
Trog
Uskayaw
Vehumet
Wu Jian
Xom
Yredelemnul
The Shining One

Annotations:
D:5 1 transporter, TreWolfie's ghost, novice MfGl
D:7 Dowan


Innate Abilities, Weirdness & Mutations

You are resistant to torment.
Your stone body is resilient. (AC +7)
You are immune to poison.
You resist negative energy. (rN+)
You are resistant to electric shocks. (rElec)
You can survive without breathing.
You are immune to petrification.
You are immune to rotting.


Message History

The shard of ice misses you.
The orc wizard points at you and mumbles some strange words.
The puff of frost hits you. You resist.
* * * LOW HITPOINT WARNING * * *
Dowan misses you.
You riposte.
You slash Dowan!
Dowan is moderately wounded.
You barely miss the orc wizard.
The orc wizard is almost dead.
The orc wizard barely misses you.
Dowan says, "Her death will not be in vain!"
You slash the orc wizard!
You kill the orc wizard!
Dowan zaps a wand.
Some rock shatters into small pieces.
The now-empty wand crumbles to dust.
Some of the chunks of flesh in your inventory have rotted away.
You flicker for a moment.
You see here 3 arrows.
Dowan gestures at something while chanting.
The shard of ice hits you! You partially resist.
You die...

..#......###.###.####
#.....#.##e# .#
#....##..#.# .# #....
#.#.e# .#
....#.##.##.## .#
.............##.#####
### ####....†.......#
#.####..###(..#####
#.......###@..#
######...)..###
#...#).# #.#...##
...#.### #####.# #.#
#.### ##...##


You could see Dowan.

Vanquished Creatures
  Pikel (D:5)
  Prince Ribbit (D:5)
  Sigmund (D:5)
  Duvessa (D:7)
  4 slaves (D:5)
  A sky beast (D:6)
  6 ogres
  5 centaurs
  A gnoll sergeant (D:6)
  3 scorpions
  2 howler monkeys
  A centaur zombie (D:7)
  A crimson imp (D:7)
  A hound (D:5)
  2 jellies (D:6)
  A gnoll shaman (D:4)
  2 orc priests
  A bullfrog skeleton (D:7)
  5 orc wizards
  2 iguanas
  4 centaur skeletons
  2 worker ants
  A hound skeleton (D:5)
  14 gnolls
  2 worker ant zombies (D:5)
  16 adders
  3 river rats (Sewer)
  3 oozes
  An adder skeleton (D:6)
  An adder zombie (D:5)
  2 worms (D:2)
  A dart slug (D:1)
  4 leopard geckos
  12 orcs
  3 giant cockroaches
  7 goblins
  10 hobgoblins
  20 jackals
  3 kobolds
  6 quokkas
  5 ball pythons
  7 bats
  10 frilled lizards
  A giant cockroach zombie (D:6)
  A leopard gecko skeleton (D:4)
  A leopard gecko zombie (D:5)
  A quokka skeleton (D:5)
  13 rats
196 creatures vanquished.

Vanquished Creatures (others)
  An orc wizard (D:7)
1 creature vanquished.

Grand Total: 197 creatures vanquished

Notes
Turn   | Place    | Note
-------+----------+-------------------------------------------
     0 | D:1      | Borgoz the Gargoyle Fighter began the quest for the Orb.
     0 | D:1      | Reached XP level 1. HP: 14/14 MP: 1/1
   236 | D:1      | Reached skill level 2 in Long Blades
   239 | D:1      | Reached XP level 2. HP: 13/19 MP: 2/2
   471 | D:1      | Reached XP level 3. HP: 23/23 MP: 3/3
   754 | D:2      | Reached XP level 4. HP: 29/29 MP: 4/4
   756 | D:2      | Reached skill level 3 in Long Blades
   966 | D:2      | Reached XP level 5. HP: 33/33 MP: 5/5
  1055 | D:2      | Found a bloodstained altar of Trog.
  1530 | D:3      | Reached skill level 4 in Long Blades
  1573 | D:3      | Found a stormy altar of Qazlal.
  1726 | D:3      | Reached XP level 6. HP: 37/39 MP: 6/6
  2226 | D:4      | Reached skill level 5 in Fighting
  2244 | D:4      | Reached skill level 5 in Armour
  2244 | D:4      | Reached XP level 7. HP: 26/44 MP: 7/7
  2403 | D:4      | Reached skill level 5 in Long Blades
  2447 | D:4      | Learned a level 2 spell: Blink
  2604 | D:4      | Found an iron altar of Okawaru.
  2754 | D:4      | Reached skill level 6 in Long Blades
  2754 | D:4      | Reached XP level 8. HP: 47/51 MP: 8/8
  2951 | D:5      | Entered Level 5 of the Dungeon
  2999 | D:5      | Found a hide-covered altar of Uskayaw.
  3007 | D:5      | Noticed Sigmund
  3014 | D:5      | Killed Sigmund
  3051 | D:5      | Noticed TreWolfie's ghost (novice MfGl)
  3063 | D:5      | Found a transporter.
  3160 | D:5      | Found a burning altar of Makhleb.
  3220 | D:5      | Found an ancient bone altar of Kikubaaqudgha.
  3304 | D:5      | Noticed Prince Ribbit
  3635 | D:5      | Noticed Pikel
  3678 | D:5      | Killed Pikel
  3678 | D:5      | Reached skill level 7 in Long Blades
  3678 | D:5      | Reached XP level 9. HP: 40/56 MP: 9/9
  3801 | D:5      | Killed Prince Ribbit
  4109 | D:6      | Found a basalt altar of Yredelemnul.
  4114 | D:6      | Found a radiant altar of Vehumet.
  4162 | D:6      | Found a staircase to the Ecumenical Temple.
  4194 | D:6      | Reached skill level 8 in Long Blades
  4224 | Temple   | Entered the Ecumenical Temple
  4280 | Temple   | Became a worshipper of Ashenzari the Shackled
  4323 | D:6      | Found a glowing drain.
  4338 | Sewer    | Entered a sewer
  5114 | D:6      | Found an opulent altar of Gozag.
  5439 | D:7      | Noticed Duvessa
  5443 | D:7      | Noticed Dowan
  5446 | D:7      | Reached skill level 9 in Long Blades
  5455 | D:7      | Killed Duvessa
  5470 | D:7      | Reached XP level 10. HP: 22/64 MP: 7/10
  5480 | D:7      | HP: 3/64 [orc wizard/puff of flame (3)]
  5495 | D:7      | Killed from afar by Dowan

Levels and vault maps discovered:
D:1:      erik_arrival_blinker_ship, layout_basic
D:2:      layout_basic, lemuel_coloured_pillars_altar, serial_bayou_pond_d
D:3:      minmay_chambers_of_threes, layout_basic, lemuel_round_altar
D:4:      layout_basic, lemuel_crystal_altar
D:5:      minmay_angry_zag, layout_loops_cross, lemuel_round_altar,
          kiku_gazebo_pond_becter, first_ration, gammafunk_ghost_abyssal_escape,
          basic_altar, uniq_sigmund, uniq_pikel, uniq_prince_ribbit1
D:6:      nicolae_whirlpool, layout_rooms, vehumet_crystals,
          lemuel_crystal_altar, grunt_gozag_statues, minmay_temple_entry_tees,
          portal_sewer_entry_d
D:7:      layout_loops_ring, old_standard_altar,
          gammafunk_temple_overflow_pools, lightli_orcish_oven, uniq_duvessa
Temple:   compressed_dpeg_circular_temple

Skill      XL: |  1  2  3  4  5  6  7  8  9 |
---------------+----------------------------+-----
Long Blades    | 2 3 4 6 7 9 |  9.2
Fighting       | 4 5 6 8 |  8.3
Armour         | 4 5 6 8 |  8.2
Shields        | |  3.2

Action                   |  1- 3 |  4- 6 |  7- 9 | 10-12 || total
-------------------------+-------+-------+-------+-------++-------
Melee: Long sword        |    97 |   256 |   480 |    10 ||   843
  Use: Scroll            |     1 |     5 |     8 |       ||    14
       Potion            |       |       |     6 |     3 ||     9
  Eat: Chunk             |       |     5 |    12 |       ||    17
Armor: Scale mail        |    66 |   142 |   233 |     7 ||   448
       Skin              |       |       |    22 |       ||    22
Dodge: Dodged            |    71 |   145 |   226 |     6 ||   448
Block: Shield            |    88 |   158 |   255 |     4 ||   505
       Rpst.: Long sword |    16 |    45 |    75 |     2 ||   138

Table legend:
 A = Non-vault XP
 B = Vault XP
 C = Vault XP percentage of total XP
 D = Non-vault monster count
 E = Vault monster count
 F = Vault count percentage of total count
                 A         B        C        D         E       F
            +---------+---------+-------+---------+---------+-------
      Total |    3044 |    1709 |  36.0 |     152 |      41 |  21.2
            +---------+---------+-------+---------+---------+-------
        D:1 |      57 |       0 |   0.0 |      19 |       0 |   0.0
        D:2 |     175 |       0 |   0.0 |      36 |       0 |   0.0
        D:3 |     197 |      26 |  11.7 |      18 |      12 |  40.0
        D:4 |     849 |       0 |   0.0 |      25 |       0 |   0.0
        D:5 |     139 |    1232 |  89.9 |      10 |       7 |  41.2
        D:6 |     960 |     235 |  19.7 |      31 |       3 |   8.8
        D:7 |     667 |     135 |  16.8 |      13 |       1 |   7.1
      Sewer |       0 |      81 | 100.0 |       0 |      18 | 100.0
            +---------+---------+-------+---------+---------+-------
